 Dungeon Crawl Stone Soup version 0.26-b1-32-g5d43845318 (webtiles) character file.

Game seed: 16687381397785721778

80 tsouns the Insei (level 4, 0/27 HPs)
             Began as a Kobold Transmuter on Jan 13, 2021.
             Succumbed to an adder's poison
             ... on level 2 of the Dungeon.
             The game lasted 00:03:56 (2035 turns).

tsouns the Insei (Kobold Transmuter)                Turns: 2035, Time: 00:03:56

Health: 0/27       AC:  3    Str:  7    XL:     4   Next: 65%
Magic:  7/7        EV: 15    Int: 15    God:
Gold:   75         SH:  0    Dex: 15    Spells: 1/7 levels left

rFire    . . .     SeeInvis .     - Unarmed
rCold    . . .     Faith    .   (shield restricted)
rNeg     . . .     Spirit   .   a - +1 robe
rPois    .         Reflect  .   (no helmet)
rElec    .         Harm     .   (no cloak)
rCorr    .         Rampage  .   (no gloves)
Will     .....                  (no boots)
Stlth    +++.......             (no amulet)
HPRegen  0.09/turn              c - ring of stealth
MPRegen  0.10/turn              (no ring)

@: brilliant, lethally poisoned (0 -> -6), very slightly contaminated, invisible
A: small, nightstalker 3
a: no special abilities


You were on level 2 of the Dungeon.
You visited 1 branch of the dungeon, and saw 2 of its levels.

You collected 75 gold pieces.

Inventory:

Armour
 a - a +1 robe (worn)
Jewellery
 c - a ring of stealth (left hand)
Scrolls
 b - a scroll of identify {unknown}
 e - a scroll of teleportation


   Skills:
 + Level 2.3 Fighting
 - Level 2.4 Dodging
 * Level 4.2 Unarmed Combat
 - Level 2.1 Spellcasting
 + Level 2.3 Transmutations
 + Level 0.9 Poison Magic


You had one spell level left.
You knew the following spells:

 Your Spells              Type           Power        Failure   Level
a - Beastly Appendage     Tmut           26%          9%          1
b - Spider Form           Tmut/Pois      4%           32%         3
c - Wereblood             Tmut           13%          13%         2

Your spell library contained the following spells:

 Spells                   Type           Power        Failure   Level
 Ice Form                 Ice/Tmut       7%           80%         4
 Blade Hands              Tmut           6%           93%         5


Dungeon Overview and Level Annotations

Branches:
Dungeon (2/15)

Altars:

Annotations:
D:2 Robin


Innate Abilities, Weirdness & Mutations

You are small and have problems with some larger weapons.
You are completely attuned to the shadows.


Message History

You closely miss the adder.
* * * LOW HITPOINT WARNING * * *
You feel sick. The adder closely misses you.
You barely miss the adder. The adder bites you.
* * * LOW HITPOINT WARNING * * *
You hit the adder.
The adder is lightly wounded.
* * * LOW HITPOINT WARNING * * *
You feel sick. The adder closely misses you.
Unknown command.
You barely miss the adder.
The adder is lightly wounded.
The adder bites you.
* * * LOW HITPOINT WARNING * * *
You hit the adder.
The adder is moderately wounded.
* * * LOW HITPOINT WARNING * * *
You feel sick.
Unknown command.
You die...

... ## # .B..# #.#.#.#
.#.#.#.### .(.ggS.S..
..#)#.... gg.#
#####.#######..#
....#.@.... g.. .#
.......#### #.# #.#
.......# #.## #.#
.......# #g.###.#
.......# ##.#...#
.......# #.(.#.#.#
.......# ##..#.#.#
.......# #..#.#.#
#####.##########.#.#.#


You could see a hobgoblin and a goblin.

Vanquished Creatures
  3 adders (D:2)
  An ooze (D:1)
  A worm (D:2)
  2 dart slugs
  A leopard gecko (D:1)
  A giant cockroach (D:2)
  9 goblins
  7 hobgoblins
  3 jackals (D:2)
  A ball python (D:1)
  3 bats (D:1)
  3 kobolds
  4 rats
39 creatures vanquished.

Notes
Turn   | Place    | Note
-------+----------+-------------------------------------------
     0 | D:1      | tsouns the Kobold Transmuter began the quest for the Orb.
     0 | D:1      | Reached XP level 1. HP: 12/12 MP: 3/3
   194 | D:1      | Reached XP level 2. HP: 8/16 MP: 3/5
   789 | D:1      | Reached XP level 3. HP: 16/21 MP: 6/6
   864 | D:1      | Learned a level 3 spell: Spider Form
  1445 | D:2      | Noticed Robin
  1752 | D:2      | Reached skill level 4 in Unarmed Combat
  1752 | D:2      | Reached XP level 4. HP: 23/26 MP: 5/7
  1820 | D:2      | Learned a level 2 spell: Wereblood
  2034 | D:2      | HP: 1/27 [poisoned by an adder]
  2035 | D:2      | Succumbed to an adder's poison

Illustrated notes

Levels and vault maps discovered:
D:1:      evilmike_arrival_plus, layout_basic, minivault_14
D:2:      layout_basic, cheibrodos_gnoll_hut, uniq_robin, uniq_sigmund

Skill      XL: |  1  2  3 |
---------------+----------+-----
Fighting       | 2 |  2.3
Unarmed Combat | 4 |  4.2
Dodging        | |  2.4
Spellcasting   | |  2.1
Transmutations | |  2.3
Poison Magic   | |  0.9

Action                   |  1- 3 |  4- 6 || total
-------------------------+-------+-------++-------
Melee: Unarmed           |    76 |    45 ||   121
       Kick              |     7 |     5 ||    12
       Headbutt          |     9 |     6 ||    15
       Punch             |     1 |       ||     1
 Cast: Beastly Appendage |    12 |     3 ||    15
       Wereblood         |       |     2 ||     2
  Use: Scroll            |     3 |       ||     3
       Potion            |       |     2 ||     2
 Stab: Sleeping          |    11 |       ||    11
Armor: Robe              |     8 |     5 ||    13
Dodge: Dodged            |    50 |    47 ||    97
